 Dungeon Crawl Stone Soup version 0.28.0-53-g5a82cb258f (webtiles) character file.

Game seed: 17023485322250469553

28 Sin92 the Magician (level 2, -2/20 HPs)
             Began as a Demonspawn Hedge Wizard on July 11, 2022.
             Slain by Natasha (5 damage)
             ... on level 2 of the Dungeon.
             The game lasted 00:02:48 (1981 turns).

Sin92 the Magician (Demonspawn Hedge Wizard)        Turns: 1981, Time: 00:02:48

Health: -2/20      AC:  2    Str: 10    XL:     2   Next: 96%
Magic:  0/6        EV: 12    Int: 15    God:
Gold:   28         SH:  0    Dex: 12    Spells: 6/7 levels left

rFire   . . .      SeeInvis .   a - +0 dagger
rCold   . . .      Faith    .   (no shield)
rNeg    . . .      Spirit   +   b - +0 robe
rPois   .          Reflect  .   c - +0 hat
rElec   .          Harm     .   (no cloak)
rCorr   .          Rampage  .   (no gloves)
Will    .....                   (no boots)
Stlth   ++........              d - amulet of guardian spirit
HPRegen 0.06/turn               (no ring)
MPRegen 0.10/turn               (no ring)

@: slowed, very slow
A: antennae 1
a: no special abilities


You were on level 2 of the Dungeon.
You visited 1 branch of the dungeon, and saw 2 of its levels.

You collected 28 gold pieces.

Inventory:

Hand Weapons
 a - a +0 dagger (weapon)
Armour
 b - a +0 robe (worn)
 c - a +0 hat (worn)
Jewellery
 d - an amulet of guardian spirit (around neck)


   Skills:
 + Level 0.3 Fighting
 + Level 0.3 Short Blades
 + Level 2.1 Dodging
 + Level 2.1 Stealth
 + Level 3.1 Spellcasting
 + Level 1.4 Conjurations
 - Level 1.0 Summonings
 + Level 1.2 Translocations


You had 6 spell levels left.
You knew the following spells:

 Your Spells              Type           Power      Damage    Failure   Level
a - Magic Dart            Conj           24%        1d4       11%         1

Your spell library contained the following spells:

 Spells                   Type           Power      Damage    Failure   Level
 Blink                    Tloc           12%        N/A       19%         2
 Slow                     Hex            8%         N/A       21%         1
 Call Imp                 Summ           5%         N/A       21%         2
 Conjure Flame            Conj/Fire      4%         6-21      41%         3
 Mephitic Cloud           Conj/Pois/Air  3%         N/A       43%         3


Dungeon Overview and Level Annotations

Branches:
Dungeon (2/15)

Altars:

Annotations:
D:2 Natasha


Innate Abilities, Weirdness & Mutations

You have a pair of small antennae on your head.


Message History

Natasha is lightly wounded.
Natasha stares at you and mumbles some strange words.
You feel yourself slow down.
You hit Natasha.
Natasha is lightly wounded.
Natasha closely misses you.
You barely miss Natasha.
Natasha is lightly wounded.
Natasha casts a spell at you.
You feel as though you will be slow longer.
Natasha claws you.
You closely miss Natasha. You punch Natasha, but do no damage.
Natasha is lightly wounded.
Natasha closely misses you.
You barely miss Natasha.
Natasha is lightly wounded.
Natasha claws you!
Natasha mumbles some strange words.
Natasha shimmers violently.
Natasha barely misses you.
You are too injured to fight recklessly!
You are too injured to fight recklessly!
You are too injured to fight recklessly!
Unknown command.
You hit Natasha but do no damage.
Natasha is lightly wounded.
Natasha barely misses you.
You hit Natasha but do no damage.
Natasha is lightly wounded.
Natasha claws you.
* * * LOW HITPOINT WARNING * * *
Natasha closely misses you.
You hit Natasha.
Natasha is lightly wounded.
Natasha mumbles some strange words.
Unknown command.
You hit Natasha but do no damage.
Natasha is lightly wounded.
Natasha claws you!
You die...

#.......#....)....##
##......(..........+.
##.....##.#.........#
#.........##.......###
##....#######.....## #
##.#.......<....## #
#.###########'## #
#.#5h....# #.# # #.#@#
# #.# #
###.#.####.####.######
#.....#...........5h..
#.###.# ##.##<.5.5###.
#. #... ##...## #. #
#..... ##.## #.
..##### ### ## ###


You could see Natasha and a white imp (summoned).

Vanquished Creatures
  3 bats
  3 endoplasms
  5 giant cockroaches (D:1)
  3 goblins (D:1)
  A hobgoblin (D:1)
  7 ball pythons
  2 frilled lizards (D:1)
  A kobold (D:1)
  A rat (D:1)
26 creatures vanquished.

Vanquished Creatures (others)
  4 plants (D:1)
4 creatures vanquished.

Grand Total: 30 creatures vanquished

Notes
Turn   | Place    | Note
-------+----------+-------------------------------------------
     0 | D:1      | Sin92 the Demonspawn Hedge Wizard began the quest for the
                  | Orb.
     0 | D:1      | Reached XP level 1. HP: 13/13 MP: 4/4
   160 | D:1      | Reached skill level 1 in Translocations
   173 | D:1      | Discovered your monstrous ancestry.
   173 | D:1      | Gained mutation: You have a pair of small antennae on your
                  | head. [demonic ancestry]
   173 | D:1      | Reached XP level 2. HP: 7/19 MP: 1/6
  1078 | D:1      | Found a faded altar of an unknown god.
  1553 | D:2      | Noticed Natasha
  1619 | D:2      | Noticed a crimson imp
  1981 | D:2      | Slain by Natasha

Illustrated notes

Levels and vault maps discovered:
D:1:      minmay_arrival_shattered_statue, layout_loops_ring,
          chequers_ecumenical_altar_grove, serial_forest,
          infiniplex_forest_clump_small, infiniplex_forest_clump_diagonal,
          infiniplex_forest_split, infiniplex_forest_corner_1,
          infiniplex_forest_clump_diagonal, infiniplex_forest_straight_3,
          infiniplex_forest_clump_medium, infiniplex_forest_clump_curved,
          infiniplex_forest_straight_1, infiniplex_forest_end_1
D:2:      layout_loops_corners, uniq_jessica, uniq_natasha

Skill      XL: |  1  2 |
---------------+-------+-----
Translocations | 1 |  1.2
Stealth        | 2 |  2.1
Dodging        | 2 |  2.1
Fighting       | |  0.3
Short Blades   | |  0.3
Spellcasting   | |  3.1
Conjurations   | |  1.4
Summonings     | |  1.0

Action                   || total
-------------------------++-------
Melee: Dagger            ||    95
       Punch             ||     3
 Cast: Magic Dart        ||    21
  Use: Scroll            ||     1
 Stab: Sleeping          ||     3
Armor: Robe              ||    19
Dodge: Dodged            ||    81
